 Dungeon Crawl Stone Soup version 0.31-a0-152-g6aa68a64a1 (webtiles) character file.

Game seed: 15530196290921046566

91 Atlas the Firebug (level 4, -8/30 HPs)
             Began as a Demonspawn Fire Elementalist on June 10, 2023.
             Killed from afar by an orc wizard (10 damage)
             ... with a puff of flame
             ... on level 2 of the Dungeon.
             The game lasted 00:01:41 (1764 turns).

Atlas the Firebug (Demonspawn Fire Elementalist)    Turns: 1764, Time: 00:01:44

Health: -8/30      AC:  2    Str:  7 (8)  XL:     4   Next: 34%
Magic:  2/8        EV: 12    Int: 17 (19) God:
Gold:   87         SH:  0    Dex: 12 (13) Spells: 6/9 levels left

rFire   . . .        d - +0 dagger (venom)
rCold   . . .        (no shield)
rNeg    . . .        a - +0 robe
rPois   .            (no helmet)
rElec   .            (no cloak)
rCorr   .            (no gloves)
SInv    .            (no boots)
Will    .....        (no amulet)
Stlth   ++           (no ring)
HPRegen 0.25/turn    (no ring)
MPRegen 0.11/turn

%: no passive effects
@: no status effects
A: weakness stinger 2
a: no special abilities


You were on level 2 of the Dungeon.
You visited 1 branch of the dungeon, and saw 2 of its levels.

You collected 87 gold pieces.

Inventory:

Hand Weapons
 d - a +0 dagger of venom (weapon)
Armour
 a - a +0 robe (worn)
Scrolls
 g - 3 scrolls of identify {unknown}
 h - a scroll of enchant armour {unknown}
 i - a scroll of vulnerability {unknown}
 j - a scroll of teleportation {unknown}
Potions
 b - a potion of magic
 e - a potion of berserk rage {unknown}
 f - 4 potions of haste {unknown}


   Skills:
 + Level 0.2 Fighting
 + Level 0.1 Short Blades
 + Level 2.1 Dodging
 + Level 2.0 Stealth
 + Level 3.1 Spellcasting
 + Level 1.5 Conjurations
 + Level 3.4 Fire Magic


You had 6 spell levels left.
You knew the following spells:

 Your Spells              Type           Power      Damage    Failure   Level
a - Scorch                Fire           28%        2d6       6%          2
b - Foxfire               Conj/Fire      44%        2x1d6     6%          1

Your spell library contained the following spells:

 Spells                   Type           Power      Damage    Failure   Level
 Sublimation of Blood     Necr           2%         N/A       26%         2
 Wereblood                Tmut           2%         N/A       26%         2
 Inner Flame              Hex/Fire       8%         N/A       26%         3
 Volatile Blastmotes      Fire/Tloc      16%        2d11      26%         3
 Flame Wave               Conj/Fire      11%        2d6       52%         4
 Summon Hydra             Summ           1%         N/A       100%        7


Dungeon Overview and Level Annotations

Branches:
Dungeon (2/15)

Altars:


Innate Abilities, Weirdness & Mutations

You have a tail ending in a sharp stinger.


Message History

The orc wizard flickers and vanishes!
Deactivating autopickup; reactivate with Ctrl-A.
The orc priest barely misses you.
You barely miss the orc priest.
The orc priest is severely wounded.
The orc priest is no longer more vulnerable to fire.
The orc priest closely misses you.
You hit the orc priest.
The orc priest looks as sick as possible!
The orc priest is severely wounded.
You kill the orc priest!
The orc barely misses you.
Your Stealth skill increases to level 2!
Your Spellcasting skill increases to level 3!
You have reached level 4!
You feel clever.
You barely miss something.
You hear some strange, mumbled words.
A puff of flame appears from out of thin air!
The puff of flame hits you! The orc barely misses you.
You hit something.
You hear some strange, mumbled words.
A puff of flame appears from out of thin air!
The puff of flame hits you!
The orc hits you from afar with a +0 trident.
You closely miss something. Something hits you. The orc barely misses you.
You miss something.
Your tail-slap misses something.
You hear some strange, mumbled words.
A magic dart appears from out of thin air!
The magic dart hits you!
* * * LOW HITPOINT WARNING * * *
The orc hits you from afar with a +0 trident.
* * * LOW HITPOINT WARNING * * *
It was a potion of degeneration.
There was something very wrong with that liquid.
You feel weakened.
You feel dopey.
You feel clumsy.
You hear some strange, mumbled words.
A puff of flame appears from out of thin air!
The puff of flame hits you!
You die...

...#.......#
##..#....###...#
...#.[.....#
#...#...........
...#.......#
##.#.#####.......
...#....)..# #..#.#
#....... ...#.......#
####.##.# #.......
..†#.......###....##.#
#.......
.....................#
#.......
#...........#.##########
#.......
#...........#÷.{@.......
#.......
#...........#.o#########
########'#..#... ##
#.#..#...8 .#
#.#..#.....
.#######)#..#......
.........#........oo
..######.#..#...8...8
..######.#..#.


You could see an orc.

Vanquished Creatures
  An orc priest (D:2)
  An adder (D:2)
  4 dart slugs
  An orc (D:2)
  4 ball pythons
  3 bats
  4 endoplasms
  A giant cockroach (D:1)
  4 goblins
  8 hobgoblins
  2 quokkas
  A frilled lizard (D:2)
  3 kobolds
  3 rats
40 creatures vanquished.

Vanquished Creatures (others)
  96 foxfires
96 creatures vanquished.

Grand Total: 136 creatures vanquished

Notes
Turn   | Place    | Note
-------+----------+-------------------------------------------
     0 | D:1      | Atlas the Demonspawn Fire Elementalist began the quest for
                  | the Orb.
     0 | D:1      | Reached XP level 1. HP: 13/13 MP: 3/3
   250 | D:1      | Gained mutation: You have a small tail. [demonic ancestry]
   250 | D:1      | Reached XP level 2. HP: 19/19 MP: 0/5
   766 | D:1      | Learned a level 2 spell: Scorch
   934 | D:1      | Gained mutation: You have a tail ending in a sharp stinger.
                  | [demonic ancestry]
   934 | D:1      | Reached XP level 3. HP: 24/24 MP: 0/6
  1760 | D:2      | Reached XP level 4. HP: 30/30 MP: 2/8
  1764 | D:2      | Killed from afar by an orc wizard

Illustrated notes

Levels and vault maps discovered:
D:1:      dpeg_arrival_tiny_h, layout_rooms
D:2:      cheibrodos_pilgrimage, layout_basic

Skill      XL: |  1  2  3 |
---------------+----------+-----
Fire Magic     | 3 |  3.4
Dodging        | 2 |  2.1
Stealth        | 2 |  2.0
Spellcasting   | 3 |  3.1
Fighting       | |  0.2
Short Blades   | |  0.1
Conjurations   | |  1.5

Action                     |  1- 3 |  4- 6 || total
---------------------------+-------+-------++-------
  Melee: Dagger            |    45 |     4 ||    49
         Tailslap          |     7 |       ||     7
   Cast: Foxfire           |    56 |       ||    56
         Scorch            |    10 |       ||    10
    Use: Potion            |       |     1 ||     1
   Stab: Sleeping          |     1 |       ||     1
 Armour: Robe              |     2 |       ||     2
  Dodge: Dodged            |    33 |     2 ||    35

Table legend: (Time is in decaauts)
 A = Elapsed time spent in this place.
 B = Non-inter-level travel time spent in this place.
 C = Inter-level travel time spent in this place.
 D = Time resting spent in this place.
 E = Time spent auto-exploring this place.
 F = Levels seen in this place.
 G = Mean time per level.
                   A        B        C        D        E       F      G
               +--------+--------+--------+--------+--------+-----+--------+
         Total |   1763 |   1746 |     17 |      7 |   1498 |   2 |  881.5 |
       Dungeon |   1763 |   1746 |     17 |      7 |   1498 |   2 |  881.5 |
               +--------+--------+--------+--------+--------+-----+--------+

Top non-repeatable levels by time:
     D:1: 1087 daAuts
     D:2: 675 daAuts
